 Dungeon Crawl Stone Soup version 0.31-a0-876-gfe8ebadbca (webtiles) character file.

Game seed: 4007623144604794170

53 greenreed the Cudgeller (level 3, -2/55 HPs)
             Began as a Troll Berserker on Oct 13, 2023.
             Was a Believer of Trog.
             Slain by a goblin
             ... wielding a +0 club
             ... led by Robin
              (6 damage)
             ... on level 2 of the Dungeon.
             The game lasted 00:01:52 (781 turns).

greenreed the Cudgeller (Troll Berserker)            Turns: 781, Time: 00:01:53

Health: -2/55      AC:  4    Str: 27    XL:     3   Next: 62%
Magic:  2/2        EV: 10    Int:  3    God:    Trog [**....]
Gold:   36         SH:  0    Dex:  9    Spells: 2/2 levels left

rFire   . . .        a - +0 mace
rCold   . . .        (no shield)
rNeg    . . .        b - +0 animal skin
rPois   .            (helmet restricted)
rElec   .            (no cloak)
rCorr   .            (gloves unavailable)
SInv    .            (boots unavailable)
Will    .....        (no amulet) Stlth
                     (no ring)
HPRegen 1.09/turn    (no ring)
MPRegen 0.08/turn

%: no passive effects
@: berserking, very quick
A: large, unfitting armour, claws 3, regeneration 1, shaggy fur 1, tough skin 1
a: Renounce Religion, Berserk, Trog's Hand


You were on level 2 of the Dungeon.
You worshipped Trog.
Trog was pleased with you.
You visited 1 branch of the dungeon, and saw 2 of its levels.

You collected 36 gold pieces.

Inventory:

Hand Weapons
 a - a +0 mace (weapon)
Missiles
 e - 3 large rocks
Armour
 b - a +0 animal skin (worn)
Jewellery
 g - a ring of magical power
Scrolls
 c - a scroll of revelation {unknown}
 d - a scroll of identify {unknown}
 h - a scroll of fear {unknown}
 j - 2 scrolls of enchant armour {unknown}
 k - a scroll of immolation {unknown}
Potions
 f - a potion of ambrosia {unknown}
 i - 2 potions of curing {unknown}


   Skills:
 * Level 3.0 Fighting
 * Level 3.3 Maces & Flails
 + Level 2.7 Dodging


You had 2 spell levels left.
You didn't know any spells.
Your spell library was empty.

Dungeon Overview and Level Annotations

Branches:
Dungeon (2/15)

Altars:

Annotations:
D:2 Robin


Innate Abilities, Weirdness & Mutations

You are too large for most types of armour.
You have claws for hands.
Your natural rate of healing is unusually fast.
You are covered in fur. (AC +1)
You have tough skin. (AC +1)


Message History

The goblin hits you with a +0 club. The goblin closely misses you.
Robin throws the goblin at you! The goblin hits you but does no damage.
You miss the goblin. Your claw misses the goblin.
The goblin hits you with a +0 dagger.
Robin roars a battlecry!
The goblin barely misses you. The goblin hits you with a +0 club.
You closely miss the goblin. The goblin hits you but does no damage.
A goblin comes into view. It is wielding a +0 club.
The goblin hits you but does no damage. Robin throws the goblin at you!
The goblin hits you with a +0 club. x2
You completely miss the goblin. The goblin hits you with a +0 club.
The goblin hits you with a +0 dagger. Robin throws the goblin at you!
The goblin hits you with a +0 club. x2
* * * LOW HITPOINT WARNING * * *
The goblin barely misses you. The goblin hits you with a +0 club.
* * * LOW HITPOINT WARNING * * *
Okay, then.
Unknown command.
A red film seems to cover your vision as you go berserk!
You feel yourself moving faster!
You feel mighty! The goblin hits you with a +0 dagger.
* * * LOW HITPOINT WARNING * * *
The goblin closely misses you. The goblin hits you but does no damage.
The goblin hits you with a +0 club.
* * * LOW HITPOINT WARNING * * *
The goblin hits you but does no damage. x2
You sock the goblin!
You kill the goblin!
Trog accepts your kill. The goblin closely misses you.
The goblin hits you with a +0 club.
* * * LOW HITPOINT WARNING * * *
The goblin closely misses you. The goblin hits you with a +0 club.
* * * LOW HITPOINT WARNING * * *
The goblin hits you but does no damage.
The goblin no longer looks unusually strong.
Robin throws the goblin at you!
* * * LOW HITPOINT WARNING * * *
The goblin hits you with a +0 club.
You die...

#...># #....# #....
.. #... ##### ...
#."# #...#
#..#####..# #..†#
#.......(.## #...#
#..........####..<#
##.......ggg@g....#
..<.......gg###...#
#.........g.# #...#
#.....>.g.gg# #...#
..g.........# #...#
#....$.....## #####
.g.........#
.#..........
#..........#


You could see Robin and 9 goblins.

Vanquished Creatures
  A gnoll (D:1)
  An adder (D:2)
  A dart slug (D:1)
  3 endoplasms (D:1)
  4 giant cockroaches
  5 goblins
  2 hobgoblins (D:1)
  A quokka (D:1)
  4 ball pythons (D:1)
  3 bats (D:1)
  A frilled lizard (D:2)
  A kobold (D:1)
  3 rats
30 creatures vanquished.

Notes
Turn   | Place    | Note
-------+----------+-------------------------------------------
     0 | D:1      | greenreed the Troll Berserker began the quest for the Orb.
     0 | D:1      | Reached XP level 1. HP: 22/22 MP: 0/0
   100 | D:1      | Reached XP level 2. HP: 29/29 MP: 1/1
   302 | D:1      | Reached XP level 3. HP: 20/36 MP: 2/2
   311 | D:1      | Reached ** piety under Trog
   766 | D:2      | Noticed Robin
   781 | D:2      | Slain by a goblin

Illustrated notes

Levels and vault maps discovered:
D:1:      zelgadis_glass_arrival_large, layout_loops_ring,
          hangedman_decor_points
D:2:      layout_rooms, uniq_robin

Skill      XL: |  1  2  3 |
---------------+----------+-----
Maces & Flails | 3 |  3.3
Fighting       | 3 |  3.0
Dodging        | |  2.7

Action                     || total
---------------------------++-------
  Melee: Mace              ||    84
         Punch             ||     1
 Invoke: Berserk           ||     1
   Stab: Sleeping          ||     1
 Armour: Animal skin       ||    88
  Dodge: Dodged            ||    63

Table legend: (Time is in decaauts)
 A = Elapsed time spent in this place.
 B = Non-inter-level travel time spent in this place.
 C = Inter-level travel time spent in this place.
 D = Time resting spent in this place.
 E = Time spent auto-exploring this place.
 F = Levels seen in this place.
 G = Mean time per level.
                   A        B        C        D        E       F      G
               +--------+--------+--------+--------+--------+-----+--------+
         Total |    801 |    796 |      5 |      0 |    591 |   2 |  400.5 |
       Dungeon |    801 |    796 |      5 |      0 |    591 |   2 |  400.5 |
               +--------+--------+--------+--------+--------+-----+--------+

Top non-repeatable levels by time:
     D:1: 729 daAuts
     D:2: 71 daAuts
